 Dungeon Sprint DCSS version 0.30-a0-469-g84de5afbc5 (webtiles) character file.

Game seed: 15891289257406570351

3800000 NinjaNoafa the Intangible (level 20, -8/137 HPs)
             Began as a Spriggan Artificer on Dec 19, 2022.
             Was the Champion of Makhleb.
             Mangled by a meat berserker
             ... wielding a +9 battleaxe
              (60 damage)
             ... in the Dungeon (Sprint VIII: "Arena of Blood").
             The game lasted 00:01:02 (38 turns).

NinjaNoafa the Intangible (Spriggan Artificer)        Turns: 38, Time: 00:01:03

Health: -8/137     AC:  2    Str:  8    XL:     20   Next: 20%
Magic:  16/38      EV: 45    Int: 15    God:    Makhleb [******]
Gold:   0          SH:  0    Dex: 22    Spells: 41/41 levels left

rFire   . . .      SeeInvis +    l - +∞ Axe of Woe
rCold   . . .      Faith    .    (shield currently unavailable)
rNeg    . . .      Spirit   .    b - +0 robe
rPois   .          Reflect  .    (helmet restricted)
rElec   .          Harm     .    (no cloak)
rCorr   .          Rampage  .    (gloves unavailable)
Will    +++..      NoTele   +    (boots unavailable)
Stlth   ++++++++++               (no amulet)
HPRegen 0.42/turn                (no ring)
MPRegen 0.26/turn                (no ring)

@: very quick
A: very small, no large weapons, unfitting armour, see invisible, speed 3
a: Renounce Religion, Minor Destruction, Lesser Servant of Makhleb, Major
Destruction, Greater Servant of Makhleb


You were in the Dungeon.
You worshipped Makhleb.
Makhleb was exalted by your worship.
You visited 1 branch

Inventory:

Hand Weapons
 a - a +0 club
 l - the +∞ Axe of Woe (weapon)
   (You found it in the Dungeon)
Armour
 b - a +0 robe (worn)
Wands
 c - a wand of flame (15) (quivered)
 d - a wand of charming (15)
 e - a wand of iceblast (5)
Scrolls
 k - a scroll of blinking
Potions
 f - a potion of curing
 h - a potion of haste
 i - 2 potions of magic
 j - a potion of berserk rage


   Skills:
 O Level 27 Fighting
 + Level 11.5(13.1) Short Blades
 + Level 7.9(9.7) Long Blades
 O Level 27 Axes
 + Level 7.2(18.4) Maces & Flails
 + Level 7.2(18.4) Polearms
 + Level 7.2(9.8) Staves
 + Level 9.5 Ranged Weapons
 + Level 9.5 Throwing
 + Level 7.2 Armour
 O Level 27 Dodging
 O Level 27 Stealth
 + Level 7.2 Shields
 + Level 7.9 Unarmed Combat
 + Level 11.2 Spellcasting
 + Level 8.1 Conjurations
 + Level 12.5 Hexes
 + Level 8.9 Summonings
 + Level 9.7 Necromancy
 + Level 14.7 Translocations
 + Level 13.5 Transmutations
 + Level 8.9 Fire Magic
 + Level 8.9 Ice Magic
 + Level 9.7 Air Magic
 + Level 9.7 Earth Magic
 + Level 10.6 Poison Magic
 O Level 27 Invocations
 O Level 27 Evocations


You had 41 spell levels left.
You didn't know any spells.
Your spell library was empty.

Dungeon Overview and Level Annotations

Branches:
Dungeon (1/1)

Altars:
Makhleb


Innate Abilities, Weirdness & Mutations

You are very small and have problems with some larger weapons.
You are too small for most types of armour.
You have supernaturally acute eyesight. (SInv)
You cover ground extremely quickly. (Speed+++)


Message History

You hear a shout! x3
The destroyer is engulfed in blazing flames.
The destroyer casts a spell at you.
The destroyer blinks!
You hear a shout! x2
The eight-headed meat hydra calls on the powers of darkness!
The eight-headed meat hydra convulses!
The large bag of meat convulses!
Flame seeps out of the large bag of meat.
The meat berserker convulses!
The bag of meat convulses!
The large bag of meat convulses!
Flame seeps out of the large bag of meat.
The meat berserker convulses!
Your body is wracked with pain!
* * * LOW HITPOINT WARNING * * *
You hear a shout!
You slice the destroyer!!
You butcher the destroyer messily.
You destroy the destroyer!
Makhleb accepts your kill.
You hear a shout!
You hear two shouts!
You hear a shout! x5
The large bag of meat is engulfed in blazing flames. x2
You hear a shout! x2
Your base Short Blades skill increases to level 11!
Your base Maces & Flails skill increases to level 7!
Your base Polearms skill increases to level 7!
Your base Staves skill increases to level 7!
Your Ranged Weapons skill increases to level 9!
Your Throwing skill increases to level 9!
Your Armour skill increases to level 7!
Your Shields skill increases to level 7!
Your Spellcasting skill increases to level 11!
Your Conjurations skill increases to level 8!
Your Hexes skill increases to level 12!
Your Translocations skill increases to level 14!
Your Transmutations skill increases to level 13!
Your Poison Magic skill increases to level 10!
You have reached level 20!
You feel agile.
You feel much better.
You hear two shouts!
You hear a shout! x4
The meat berserker hits you with a +9 battleaxe!!!
You die...

#.......# ...
...###.......###....
........###.........
.#........_..........
.......#.z...#.......
.......#_.<._#.......
#.......#.....#......#
..#..§....._..........
.........§###O@)......
.....###.)V)..O###....
.V.....#....)°O# ....
.....§☼#))o..°.#
.o.o.ooV§○........
.#...§)§°O.........
#.o..o°§§.........#
o#...°....D.....##.o
#.....#........#...V


You could see an eight-headed meat hydra, 2 destroyers, a sculptor of flesh, 2
large bags of meat, 2 meat berserkers and a bag of meat.

Vanquished Creatures
  4 vampire knights (D)
  8 ogres (D)
  2 two-headed ogres (D)
  22 orcs (D)
36 creatures vanquished.

Notes
Turn   | Place    | Note
-------+----------+-------------------------------------------
     0 | D        | Found the +∞ Axe of Woe
     0 | D        | NinjaNoafa the Spriggan Artificer began the quest for the
                  | Orb.
     0 | D        | Reached XP level 1. HP: 9/9 MP: 2/2
     4 | D        | Became a worshipper of Makhleb the Destroyer
     4 | D        | Noticed a bag of meat
     7 | D        | Noticed a meat berserker
     7 | D        | Noticed a bag of meat
     7 | D        | Noticed a bag of meat
     8 | D        | Noticed a bag of meat
     8 | D        | Noticed a bag of meat
    12 | D        | Noticed a bag of meat
    12 | D        | Noticed a bag of meat
    12 | D        | Noticed a bag of meat
    12 | D        | Noticed a meat berserker
    13 | D        | Noticed a bag of meat
    13 | D        | Noticed a bag of meat
    13 | D        | Noticed a bag of meat
    14 | D        | Noticed a meat berserker
    14 | D        | Noticed a bag of meat
    14 | D        | Noticed a bag of meat
    14 | D        | Noticed a bag of meat
    15 | D        | Noticed a bag of meat
    15 | D        | Noticed a bag of meat
    16 | D        | Noticed a bag of meat
    16 | D        | Noticed a bag of meat
    16 | D        | Noticed a bag of meat
    16 | D        | Noticed a meat berserker
    17 | D        | Killed a bag of meat
    17 | D        | Killed a meat berserker
    17 | D        | Reached * piety under Makhleb
    17 | D        | Noticed a meat berserker
    18 | D        | Reached skill level 27 in Dodging
    18 | D        | Reached XP level 2. HP: 35/35 MP: 3/3
    18 | D        | Reached XP level 3. HP: 40/40 MP: 4/4
    18 | D        | Reached XP level 4. HP: 45/45 MP: 5/5
    18 | D        | Reached XP level 5. HP: 50/50 MP: 6/6
    18 | D        | Reached XP level 6. HP: 55/55 MP: 7/7
    18 | D        | Reached XP level 7. HP: 60/60 MP: 8/8
    18 | D        | Reached XP level 8. HP: 65/65 MP: 9/9
    18 | D        | Reached XP level 9. HP: 69/69 MP: 10/10
    18 | D        | Reached XP level 10. HP: 74/74 MP: 11/11
    18 | D        | Reached XP level 11. HP: 79/79 MP: 12/12
    18 | D        | Reached XP level 12. HP: 84/84 MP: 13/13
    18 | D        | Killed a bag of meat
    18 | D        | Killed a bag of meat
    18 | D        | Killed a bag of meat
    18 | D        | Reached ** piety under Makhleb
    18 | D        | Killed a bag of meat
    18 | D        | Killed a bag of meat
    18 | D        | Noticed a meat berserker
    18 | D        | Noticed a bag of meat
    18 | D        | Noticed a bag of meat
    18 | D        | Noticed a large bag of meat
    18 | D        | Noticed a bag of meat
    19 | D        | Reached skill level 27 in Fighting
    19 | D        | Reached XP level 13. HP: 43/101 MP: 13/19
    19 | D        | Reached XP level 14. HP: 46/107 MP: 13/20
    19 | D        | Killed a meat berserker
    19 | D        | Reached *** piety under Makhleb
    19 | D        | Killed a bag of meat
    19 | D        | Killed a bag of meat
    19 | D        | Killed a bag of meat
    19 | D        | Reached **** piety under Makhleb
    19 | D        | Killed a bag of meat
    19 | D        | Noticed a bag of meat
    19 | D        | Noticed a meat berserker
    20 | D        | Reached XP level 15. HP: 40/111 MP: 13/29
    20 | D        | Killed a meat berserker
    20 | D        | Killed a meat berserker
    20 | D        | Reached ***** piety under Makhleb
    20 | D        | Noticed a destroyer
    21 | D        | Reached XP level 16. HP: 116/116 MP: 13/33
    21 | D        | Killed a meat berserker
    21 | D        | Noticed a destroyer
    21 | D        | Noticed a large bag of meat
    22 | D        | Reached skill level 27 in Invocations
    22 | D        | Reached XP level 17. HP: 121/121 MP: 13/35
    22 | D        | Noticed a meat berserker
    22 | D        | Killed a meat berserker
    23 | D        | Reached skill level 27 in Axes
    23 | D        | Reached ****** piety under Makhleb
    23 | D        | Killed a destroyer
    24 | D        | Reached skill level 27 in Evocations
    24 | D        | Reached XP level 18. HP: 127/127 MP: 13/36
    24 | D        | Noticed a meat berserker
    24 | D        | Noticed a destroyer
    25 | D        | Killed a meat berserker
    25 | D        | Noticed a destroyer
    26 | D        | Reached skill level 27 in Stealth
    26 | D        | Killed a large bag of meat
    26 | D        | Killed a large bag of meat
    26 | D        | Noticed a large bag of meat
    27 | D        | Reached skill level 5 in Long Blades
    27 | D        | Reached skill level 5 in Maces & Flails
    27 | D        | Reached skill level 5 in Polearms
    27 | D        | Reached skill level 5 in Staves
    27 | D        | Reached skill level 5 in Armour
    27 | D        | Reached skill level 5 in Shields
    27 | D        | Reached skill level 5 in Unarmed Combat
    27 | D        | Reached skill level 5 in Conjurations
    27 | D        | Reached skill level 10 in Translocations
    27 | D        | Reached XP level 19. HP: 49/132 MP: 14/37
    29 | D        | Noticed an eight-headed meat hydra
    29 | D        | Killed a destroyer
    29 | D        | Noticed a large bag of meat
    30 | D        | Reached skill level 10 in Hexes
    30 | D        | Noticed a destroyer
    31 | D        | Noticed a destroyer
    32 | D        | Noticed a meat berserker
    33 | D        | Killed a destroyer
    34 | D        | Reached skill level 10 in Short Blades
    34 | D        | Reached skill level 10 in Spellcasting
    34 | D        | Killed a meat berserker
    34 | D        | Noticed a destroyer
    37 | D        | Killed a destroyer
    38 | D        | Reached skill level 10 in Poison Magic
    38 | D        | Reached XP level 20. HP: 24/137 MP: 16/38
    38 | D        | Mangled by a meat berserker

Illustrated notes

Levels and vault maps discovered:
D:        meatsprint

Skill      XL: |  1  2  3  4  5  6  7  8  9 10 11 12 13 14 15 16 17 18 19 |
---------------+----------------------------------------------------------+-----
Fighting       | 20 27 | 27.0
Dodging        | 27 | 27.0
Axes           | 6 16 21 26 27 | 27.0
Invocations    | 7 19 24 27 | 27.0
Stealth        | 25 27 | 27.0
Evocations     | 27 | 27.0
Short Blades   | 8 11 | 11.5
Long Blades    | 5 7 |  7.9
Maces & Flails | 5 7 |  7.2
Polearms       | 5 7 |  7.2
Staves         | 5 7 |  7.2
Ranged Weapons | 6 9 |  9.5
Throwing       | 6 9 |  9.5
Armour         | 5 7 |  7.2
Shields        | 5 7 |  7.2
Unarmed Combat | 5 7 |  7.9
Spellcasting   | 7 11 | 11.2
Conjurations   | 5 8 |  8.1
Hexes          | 8 12 | 12.5
Summonings     | 6 8 |  8.9
Necromancy     | 6 9 |  9.7
Translocations | 10 14 | 14.7
Transmutations | 9 13 | 13.5
Fire Magic     | 6 8 |  8.9
Ice Magic      | 6 8 |  8.9
Air Magic      | 6 9 |  9.7
Earth Magic    | 6 9 |  9.7
Poison Magic   | 7 10 | 10.6

Action                   |  1- 3 |  4- 6 |  7- 9 | 10-12 | 13-15 | 16-18 | 19-21 || total
-------------------------+-------+-------+-------+-------+-------+-------+-------++-------
Melee: Broad axe         |     1 |       |       |     1 |     2 |     5 |     4 ||    13
  Use: Potion            |       |       |       |       |       |       |     1 ||     1
Dodge: Dodged            |       |       |       |     1 |       |       |       ||     1

Table legend: (Time is in decaauts)
 A = Elapsed time spent in this place.
 B = Non-inter-level travel time spent in this place.
 C = Inter-level travel time spent in this place.
 D = Time resting spent in this place.
 E = Time spent auto-exploring this place.
 F = Levels seen in this place.
 G = Mean time per level.
                   A        B        C        D        E       F      G
               +--------+--------+--------+--------+--------+-----+--------+
         Total |     28 |     28 |      0 |      0 |      0 |   1 |   28.0 |
       Dungeon |     28 |     28 |      0 |      0 |      0 |   1 |   28.0 |
               +--------+--------+--------+--------+--------+-----+--------+

Top non-repeatable levels by time:
       D: 28 daAuts
